 Dungeon Crawl Stone Soup version 0.31-a0-543-geaa9c7a2c0 (webtiles) character file.

Game seed: 8606156650914295020

73 AdnanSaban the Covered (level 4, 0/28 HPs)
             Began as a Gargoyle Fighter on Aug 15, 2023.
             Slain by an orc wizard
             ... wielding a +2 dagger of venom
              (4 damage)
             ... on level 3 of the Dungeon.
             The game lasted 00:01:15 (2098 turns).

AdnanSaban the Covered (Gargoyle Fighter)           Turns: 2098, Time: 00:01:16

Health: 0/28       AC: 11    Str: 21    XL:     4   Next: 27%
Magic:  4/4        EV:  9    Int:  9    God:
Gold:   52         SH:  4    Dex:  9    Spells: 3/3 levels left

rFire   . . .        a - +0 flail
rCold   . . .        c - +0 buckler
rNeg    + . .        b - +0 scale mail
rPois   ∞            l - +0 helmet
rElec   +            (no cloak)
rCorr   .            (no gloves)
SInv    .            (no boots)
Will    .....        (no amulet) Stlth
                     (no ring)
HPRegen 0.24/turn    (no ring)
MPRegen 0.09/turn

%: no passive effects
@: no status effects
A: sickness immunity, AC +3, negative energy resistance 1, electricity
resistance, torment resistance 1, petrification resistance
a: no special abilities


You were on level 3 of the Dungeon.
You visited 1 branch of the dungeon, and saw 3 of its levels.

You collected 52 gold pieces.

Inventory:

Hand Weapons
 a - a +0 flail (weapon)
Armour
 b - a +0 scale mail (worn)
 c - a +0 buckler (worn)
 l - a +0 helmet (worn)
Jewellery
 i - a ring of willpower
Scrolls
 e - a scroll of enchant armour {unknown}
 f - a scroll of vulnerability {unknown}
 j - 2 scrolls of noise {unknown}
 k - a scroll of identify {unknown}
Potions
 d - 2 potions of might
 g - 3 potions of curing {unknown}
 h - a potion of haste {unknown}


   Skills:
 + Level 3.5 Fighting
 + Level 2.8 Maces & Flails
 + Level 4.1 Armour
 + Level 0.7 Dodging
 + Level 3.8 Shields


You had 3 spell levels left.
You didn't know any spells.
Your spell library contained the following spells:

 Spells                   Type           Power      Damage    Failure   Level
 Apportation              Tloc           0%         N/A       78%         1
 Alistair's Intoxication  Tmut/Pois      0%         N/A       100%        5


Dungeon Overview and Level Annotations

Branches:
Dungeon (3/15)

Altars:


Innate Abilities, Weirdness & Mutations

You are immune to sickness and miasma.
Your stone body is resilient. (AC +3)
You are immune to poison.
You resist negative energy. (rN+)
You are resistant to electric shocks. (rElec)
You are resistant to unholy torment.
You are immune to petrification.


Message History

You are too confused!
You are too confused!
You are too confused!
You bump into the rock wall.
The orc wizard hits you but does no damage.
You bump into the rock wall.
The orc wizard casts a spell at you.
You are more confused.
You closely miss the orc wizard.
The orc wizard is lightly wounded.
The orc wizard gestures wildly while chanting.
The orc wizard flickers and vanishes!
You barely miss something. Something hits you.
Something hits you but does no damage.
You're too confused to move!
Something hits you but does no damage.
You miss something.
You hear some strange, mumbled words.
You are more confused.
You closely miss something. Something hits you.
You miss something. Something hits you but does no damage.
You bump into the rock wall.
Something hits you.
You bump into the rock wall.
Something hits you but does no damage.
You miss something. Something hits you. x2
* * * LOW HITPOINT WARNING * * *
You miss something. Something hits you but does no damage.
You bump into the rock wall.
Something hits you.
* * * LOW HITPOINT WARNING * * *
You miss something. Something hits you but does no damage.
You bump into the rock wall.
You feel less confused.
You hear some strange, mumbled words.
A magic dart appears from out of thin air!
The magic dart hits you.
* * * LOW HITPOINT WARNING * * *
You miss something. Something hits you but does no damage. Something hits you.
* * * LOW HITPOINT WARNING * * *
You barely miss something. Something completely misses you.
You closely miss something. Something hits you but does no damage.
You closely miss something. Something hits you.
You die...

#.# #.# #.# #.#
#.# #.# #.#
##############.#
##g{{@..........#
+.o##############
#.)# ##o# .o. .g{
#.... .....
......


You could see an orc and a hobgoblin.

Vanquished Creatures
  An adder (D:2)
  3 worms (D:2)
  2 dart slugs (D:1)
  2 orcs (D:3)
  2 ball pythons
  4 endoplasms (D:2)
  2 giant cockroaches
  4 goblins
  4 hobgoblins (D:2)
  4 jackals (D:1)
  A quokka (D:2)
  6 bats
  A frilled lizard (D:1)
  7 kobolds
  4 rats
47 creatures vanquished.

Notes
Turn   | Place    | Note
-------+----------+-------------------------------------------
     0 | D:1      | AdnanSaban the Gargoyle Fighter began the quest for the
                  | Orb.
     0 | D:1      | Reached XP level 1. HP: 14/14 MP: 1/1
   244 | D:1      | Reached XP level 2. HP: 19/19 MP: 2/2
   966 | D:1      | Reached XP level 3. HP: 23/23 MP: 3/3
  1257 | D:2      | Reached skill level 4 in Armour
  1584 | D:2      | Reached XP level 4. HP: 28/28 MP: 4/4
  2098 | D:3      | Slain by an orc wizard

Illustrated notes

Levels and vault maps discovered:
D:1:      pf_arrival_petrified_forest, layout_basic
D:2:      layout_basic, glass_columns_a, nicolae_wormholes
D:3:      layout_basic, shapermc_ecumenical_altar_notcrosses

Skill      XL: |  1  2  3 |
---------------+----------+-----
Armour         | 4 |  4.1
Fighting       | |  3.5
Maces & Flails | |  2.8
Dodging        | |  0.7
Shields        | |  3.8

Action                     |  1- 3 |  4- 6 || total
---------------------------+-------+-------++-------
  Melee: Flail             |   157 |    37 ||   194
 Armour: Scale mail        |    99 |    21 ||   120
  Dodge: Dodged            |    69 |     8 ||    77
  Block: Buckler           |    38 |     2 ||    40

Table legend: (Time is in decaauts)
 A = Elapsed time spent in this place.
 B = Non-inter-level travel time spent in this place.
 C = Inter-level travel time spent in this place.
 D = Time resting spent in this place.
 E = Time spent auto-exploring this place.
 F = Levels seen in this place.
 G = Mean time per level.
                   A        B        C        D        E       F      G
               +--------+--------+--------+--------+--------+-----+--------+
         Total |   2156 |   2108 |     48 |      0 |   1687 |   3 |  718.7 |
       Dungeon |   2156 |   2108 |     48 |      0 |   1687 |   3 |  718.7 |
               +--------+--------+--------+--------+--------+-----+--------+

Top non-repeatable levels by time:
     D:1: 1024 daAuts
     D:2: 1019 daAuts
     D:3: 112 daAuts
